 Dungeon Crawl Stone Soup version 0.26.1-2-gb8aa6d0cf2 (webtiles) character file.

Game seed: 6574940387177245523

2921 skwiii the Stinger (level 9, -11/60 (66) HPs)
             Began as a Demonspawn Venom Mage on Feb 24, 2021.
             Was a Follower of Kikubaaqudgha.
             Mangled by an orc knight
             ... wielding a +4 war axe
              (22 damage)
             ... on level 7 of the Dungeon.
             The game lasted 00:35:04 (16688 turns).

skwiii the Stinger (Demonspawn Venom Mage)         Turns: 16688, Time: 00:35:04

HP:   -11/60 (66)   AC:  3    Str:  9    XL:     9   Next: 50%
MP:   15/15         EV: 12    Int: 23    God:    Kikubaaqudgha [*.....]
Gold: 468           SH:  0    Dex: 16    Spells: 3/19 levels left

rFire    . . .     SeeInvis .   B - +6 dire flail (drain)
rCold    . . .     Faith    .   (shield currently unavailable)
rNeg     . . .     Spirit   .   a - +0 robe
rPois    .         Reflect  .   (helmet restricted)
rElec    .         Harm     .   y - +0 cloak
rCorr    +         Rampage  .   (no gloves)
Will     .....                  (no boots)
Stlth    +++.......             b - amulet of the acrobat
HPRegen  0.20/turn              o - ring of resist corrosion
MPRegen  0.14/turn              E - ring of stealth

@: drained
A: antennae 1, hooves 1, agile 1, low mp 1, sense surroundings 1, powered by
death 2, big brain 2
a: Renounce Religion, Receive Corpses


You were on level 7 of the Dungeon.
You worshipped Kikubaaqudgha.
Kikubaaqudgha was aware of your devotion.
You visited 2 branches of the dungeon, and saw 9 of its levels.
You also visited: Bailey.

You collected 468 gold pieces.

Inventory:

Hand Weapons
 j - a +0 short sword
 t - a +0 short sword of venom
 B - a +6 dire flail of draining (weapon)
 F - a +3 flail
 G - a +1 hand axe of holy wrath
Armour
 a - a +0 robe (worn)
 v - a +2 helmet of see invisible
 y - a +0 cloak (worn)
 C - a +0 scale mail
Jewellery
 b - an amulet of the acrobat (around neck)
 o - a ring of resist corrosion (left hand)
 E - a ring of stealth (right hand)
 J - a +6 ring of strength {unknown}
Wands
 u - a wand of polymorph (1)
 D - a wand of acid (10)
Scrolls
 d - 7 scrolls of remove curse
 i - 2 scrolls of enchant weapon
 l - a scroll of enchant armour {unknown}
 n - a scroll of fog
 p - a scroll of random uselessness
 s - 4 scrolls of noise {unknown}
 x - 5 scrolls of immolation {unknown}
 I - a scroll of magic mapping {unknown}
 M - 3 scrolls of identify
Potions
 c - 3 potions of mutation
 e - 5 potions of curing
 h - a potion of resistance {unknown}
 k - a potion of magic
 m - 2 potions of flight
 q - 3 potions of invisibility {unknown}
 r - a potion of degeneration {unknown}
 w - 2 potions of brilliance {unknown}
 z - 2 potions of ambrosia {unknown}
 A - a potion of might
 H - a potion of cancellation {unknown}
 K - a potion of berserk rage {unknown}
 L - a potion of lignification {unknown}


   Skills:
 + Level 4.7 Fighting
 * Level 0.0 Armour
 * Level 1.7 Dodging
 - Level 1.7 Stealth
 + Level 5.5 Spellcasting
 + Level 5.4 Necromancy
 - Level 2.0 Transmutations
 - Level 3.5 Fire Magic
 + Level 3.7 Ice Magic
 - Level 3.2 Air Magic
 + Level 6.6 Poison Magic


You had 3 spell levels left.
You knew the following spells:

 Your Spells              Type           Power        Failure   Level
a - Sting                 Tmut/Pois      100%         1%          1
b - Poisonous Vapours     Pois/Air       58%          1%          2
c - Ignite Poison         Fire/Tmut/Pois 24%          4%          3
d - Mephitic Cloud        Conj/Pois/Air  21%          7%          3
e - Freeze                Ice            92%          1%          1
f - Olgreb's Toxic Radia  Pois           36%          6%          4
g - Animate Skeleton      Necr           62%          1%          1
h - Pain                  Necr           100%         1%          1

Your spell library contained the following spells:

 Spells                   Type           Power        Failure   Level
 Sublimation of Blood     Necr           15%          1%          2
 Vampiric Draining        Necr           15%          3%          3
 Frozen Ramparts          Ice            46%          6%          3
 Ozocubu's Armour         Ice            23%          6%          3
 Hailstorm                Conj/Ice       15%          38%         4
 Summon Ice Beast         Ice/Summ       15%          38%         4


Dungeon Overview and Level Annotations

Branches:
Dungeon (8/15)             Temple (1/1) D:6            Lair (0/6) D:8
 Bailey (visited)

Altars:
Ashenzari
Cheibriados
Dithmenos
Elyvilon
Fedhas
Gozag
Hepliaklqana
Kikubaaqudgha
Makhleb
Nemelex Xobeh
Okawaru
Qazlal
Ru
Sif Muna
Vehumet
Wu Jian
Xom
Zin
The Shining One

Annotations:
D:5 3 runed translucent doors, bearlyready's ghost, novice GnNe


Innate Abilities, Weirdness & Mutations

You have a pair of small antennae on your head.
You regenerate health from kills.
You have an extremely huge brain. (Int +4)
You have large cloven feet.
You are agile. (Dex +2)
Your magical capacity is low. (-10% MP)
You passively map a small area around you.


Message History

The wight misses you.
The orc knight hits you with a +4 war axe.
You climb upwards.
There is a stone staircase leading down here.
You hit the wight but do no damage. You kick the wight.
The wight is lightly damaged.
The wight hits you with a +2 long sword of freezing.
* * * LOW HITPOINT WARNING * * *
You feel drained.
* * * LOW HITPOINT WARNING * * *
The wight freezes you.
* * * LOW HITPOINT WARNING * * *
The orc knight hits you with a +4 war axe.
* * * LOW HITPOINT WARNING * * *
You barely miss the wight.
The wight is lightly damaged.
The wight misses you.
The orc knight hits you with a +4 war axe!!
You die...
Kikubaaqudgha rasps: "You have failed me!
Welcome... death!"

# #.#.# #.# #.#
#.#(# #.# #.#
#.#.# #.# #.# ##
#.#.# #.# #.######
.# #.#.# #.#
#......#
.########.#.# #.#
######.#
..........#.# #.#
#.#
###########.####z#
#.# #.##zo@# #.##
#.##.### #..#
#..#.# ##.# ##.#.#
#.# #.#.# #.#
#.#.# #.#### #.#.#
#....# #.#.#
####.# #.#.# #.#


You could see an orc knight and 2 wights.

Vanquished Creatures
  Edmund (D:5)
  A water moccasin (D:7)
  An ice beast (D:6)
  5 orc warriors
  2 sky beasts (D:7)
  2 black bears (D:8)
  2 ogres
  A bullfrog (D:7)
  4 scorpions
  6 killer bees
  2 wights
  A howler monkey (D:7)
  2 hounds
  A quasit (D:5)
  2 centaur skeletons
  5 jellies
  2 bullfrog skeletons
  An orc priest (D:7)
  2 orc wizards (D:7)
  Natasha (thrice) (D:3)
  An iguana (D:8)
  4 worker ants
  A worker ant zombie (D:5)
  7 adders
  6 gnolls
  2 howler monkey skeletons (D:6)
  3 white imps
  3 worms
  A dart slug (D:2)
  5 leopard geckos
  16 orcs
  3 bats
  3 giant cockroaches (D:2)
  17 goblins
  19 hobgoblins
  17 jackals
  2 quokkas
  2 ball pythons
  4 frilled lizards
  14 kobolds
  A leopard gecko skeleton (D:6)
  7 rats
184 creatures vanquished.

Vanquished Creatures (others)
  3 fungi
  2 plants (D:5)
5 creatures vanquished.

Grand Total: 189 creatures vanquished

Notes
Turn   | Place    | Note
-------+----------+-------------------------------------------
     0 | D:1      | skwiii the Demonspawn Venom Mage began the quest for the
                  | Orb.
     0 | D:1      | Reached XP level 1. HP: 13/13 MP: 3/3
   626 | D:1      | Gained mutation: You have an unusually large brain. (Int
                  | +2) [demonic ancestry]
   626 | D:1      | Reached XP level 2. HP: 16/19 MP: 1/5
   692 | D:1      | Learned a level 2 spell: Poisonous Vapours
   704 | D:1      | Reached skill level 1 in Transmutations
  2260 | D:1      | Gained mutation: You have a pair of small antennae on your
                  | head. [demonic ancestry]
  2260 | D:1      | Reached XP level 3. HP: 14/24 MP: 0/6
  2489 | D:2      | Found a sacrificial altar of Ru.
  2923 | D:2      | Reached skill level 1 in Air Magic
  3822 | D:2      | Learned a level 3 spell: Ignite Poison
  4406 | D:2      | Gained mutation: You have an extremely huge brain. (Int +4)
                  | [demonic ancestry]
  4406 | D:2      | Reached XP level 4. HP: 30/30 MP: 1/8
  5001 | D:3      | Noticed Natasha
  5012 | D:3      | Killed Natasha
  5219 | D:3      | Reached skill level 4 in Poison Magic
  5734 | D:3      | Noticed Natasha
  5740 | D:3      | Killed Natasha
  5741 | D:3      | Gained mutation: You regenerate a little health from kills.
                  | [demonic ancestry]
  5741 | D:3      | Reached XP level 5. HP: 35/35 MP: 2/9
  6291 | D:3      | Reached skill level 1 in Fire Magic
  6365 | D:3      | Noticed Natasha
  6403 | D:3      | Killed Natasha
  7091 | D:3      | Gained mutation: You have large cloven feet. [potion of
                  | mutation]
  7091 | D:3      | Gained mutation: You passively map a small area around you.
                  | [potion of mutation]
  7091 | D:3      | Gained mutation: Your magical capacity is low. (-10% MP)
                  | [potion of mutation]
  7091 | D:3      | Gained mutation: You are agile. (Dex +2) [potion of
                  | mutation]
  7884 | D:4      | Reached XP level 6. HP: 41/41 MP: 5/9
  8490 | D:4      | Found a blossoming altar of Fedhas.
  8990 | D:5      | Entered Level 5 of the Dungeon
 10225 | D:5      | Reached skill level 1 in Fighting
 10225 | D:5      | Reached XP level 7. HP: 48/48 MP: 2/11
 10947 | D:5      | Found a runed translucent gate.
 10948 | D:5      | Found a runed translucent gate.
 10948 | D:5      | Found a runed translucent gate.
 10948 | D:5      | Noticed bearlyready's ghost (novice GnNe)
 11056 | D:5      | Noticed Edmund
 11072 | D:5      | Killed Edmund
 11506 | D:6      | Found a staircase to the Ecumenical Temple.
 11528 | Temple   | Entered the Ecumenical Temple
 11742 | Temple   | Became a worshipper of Kikubaaqudgha
 11762 | D:6      | Learned a level 3 spell: Mephitic Cloud
 11766 | D:6      | Learned a level 1 spell: Freeze
 11910 | D:6      | Reached skill level 5 in Poison Magic
 12384 | D:6      | Reached skill level 1 in Necromancy
 12484 | D:6      | Reached skill level 1 in Ice Magic
 12503 | D:6      | Gained mutation: You regenerate health from kills. [demonic
                  | ancestry]
 12503 | D:6      | Reached XP level 8. HP: 57/57 MP: 3/12
 12872 | D:6      | Learned a level 4 spell: Olgreb's Toxic Radiance
 14035 | D:7      | Reached * piety under Kikubaaqudgha
 14035 | D:7      | Identified Kikubaaqudgha's Handbook of Dark Magic
                  | (Kikubaaqudgha gifted it to you on level 7 of the Dungeon)
 14035 | D:7      | Received a gift from Kikubaaqudgha
 14036 | D:7      | Reached skill level 6 in Poison Magic
 14050 | D:7      | Reached skill level 5 in Spellcasting
 14256 | D:7      | Learned a level 1 spell: Animate Skeleton
 14258 | D:7      | Learned a level 1 spell: Pain
 14347 | D:7      | Reached XP level 9. HP: 36/65 MP: 2/14
 15093 | D:8      | Found a hazy altar of Hepliaklqana.
 15222 | D:8      | Found a white marble altar of Elyvilon.
 15397 | D:8      | Found a flagged portal.
 15526 | D:8      | Found an opulent altar of Gozag.
 15577 | Bailey   | Entered a bailey
 16101 | Bailey   | Noticed an orc knight
 16498 | D:8      | Reached skill level 5 in Necromancy
 16517 | D:8      | Found a staircase to the Lair.
 16688 | D:7      | Mangled by an orc knight

Illustrated notes

Levels and vault maps discovered:
D:1:      lightli_arrival_isolated_outpost, layout_loops_corners, st_stairs_12
D:2:      layout_loops_ring, nicolae_ru_sacrificial_ziggurat
D:3:      layout_basic, roderic_roman_lattice, uniq_natasha
D:4:      layout_loops_corners, nicolae_overflow_hidden_temple
D:5:      layout_loops_ring, gammafunk_ghost_nasty_kobolds, uniq_edmund
D:6:      minmay_razor_zed, layout_rooms, minmay_temple_entry_sparse_star,
          corexii_leaking_fountain, st_stairs_9, minmay_hedge_maze
D:7:      layout_loops_ring, minmay_puff
D:8:      layout_basic, lemuel_doored_altar, lemuel_coloured_pillars_altar,
          lair_entry_dummy, enter_bailey_2, grunt_ministairs_5, minivault_4,
          amethyst_killhole, nrook_pool_corridor, elyvilon_altar_1
Temple:   eino_temple_water

Skill      XL: |  1  2  3  4  5  6  7  8  9 |
---------------+----------------------------+-----
Transmutations | 1 2 |  2.0
Air Magic      | 1 2 3 |  3.2
Poison Magic   | 4 5 6 |  6.6
Spellcasting   | 3 4 5 |  5.5
Fire Magic     | 1 2 3 |  3.5
Fighting       | 1 2 4 |  4.7
Necromancy     | 1 3 5 |  5.4
Ice Magic      | 1 3 |  3.7
Dodging        | |  1.7
Stealth        | |  1.7

Action                   |  1- 3 |  4- 6 |  7- 9 || total
-------------------------+-------+-------+-------++-------
Melee: Unarmed           |     6 |       |       ||     6
       Short sword       |     6 |    29 |     4 ||    39
       Kick              |       |    11 |    15 ||    26
       Dire flail        |       |       |    70 ||    70
 Cast: Sting             |    57 |    28 |    62 ||   147
       Poisonous Vapours |    26 |    57 |    79 ||   162
       Freeze            |       |       |     3 ||     3
       Mephitic Cloud    |       |       |     2 ||     2
       Ignite Poison     |       |       |     5 ||     5
       Pain              |       |       |     2 ||     2
       Olgreb's Toxic Ra |       |       |     4 ||     4
       Animate Skeleton  |       |       |     2 ||     2
Invok: Receive Corpses   |       |       |     1 ||     1
  Use: Scroll            |     2 |     2 |     7 ||    11
       Potion            |     2 |     2 |     2 ||     6
Armor: Robe              |    16 |     1 |    20 ||    37
Dodge: Dodged            |   210 |    37 |   162 ||   409
